Cogmind - Beta 14 @@@ ROGUE MODE // 2025.01.13 @ 22:19:58 Player: PeanutArbuckle Result: Destroyed by G-34 Mercenary with Small Laser Performance ------------- Evolutions (1) 500 Regions Visited (2) 400 Robots Destroyed (64) 320 Value Destroyed (1746) 1746 Prototype IDs (2) 40 Alien Tech Used (0) 0 Bonus (331) 331 TOTAL SCORE: 3337 Bonus ------- High Alert Combat Kills 331 Cogmind --------- Core Integrity 0/400 Matter 296/300 Energy 100/100 System Corruption 2% Temperature Cool (6) Movement Walking (260) Ox2 Location -9/Materials Parts ------- > --- POWER (1) -------- (None) > --- PROPULSION (2) --- Aluminum Leg Aluminum Leg > --- UTILITY (3) ------ High-capacity Storage Unit Improved Targeting Computer > --- WEAPON (3) ------- Hammer > --- INVENTORY (20) --- (None) Peak State ------------ > --- POWER ------------ Improved Ion Engine > --- PROPULSION ------- Aluminum Leg Aluminum Leg > --- UTILITY ---------- Improved Targeting Computer Particle Charger Medium Armor Plating > --- WEAPON ----------- Particle Cannon Advanced Beam Cannon Mini Grenade Launcher > --- INVENTORY -------- Improved Ion Engine Medium Armor Plating Particle Gun Heavy Assault Rifle Mini Grenade Launcher [Rating: 19] Favorites ----------- Power Improved Ion Engine Engine Improved Ion Engine Propulsion Aluminum Leg Leg Aluminum Leg Flight Unit VTOL Module Utility Improved Targeting Computer Device Particle Charger Storage High-capacity Storage Unit Processor Improved Targeting Computer Protection Medium Armor Plating Weapon Mini Grenade Launcher Energy Gun Particle Gun Energy Cannon Particle Cannon Ballistic Gun Light Assault Rifle Launcher Mini Grenade Launcher Impact Weapon Hammer Build | -11 -10 -9 ------- Run | Yrd Mat Mat Slots Evolved 2 | . . 2 Power . | . . . Propulsion . | . . . Utility 1 | . . 1 Weapon 1 | . . 1 Parts Attached 50 | 5 10 35 Power 6 | 1 2 3 Engine 6 | 1 2 3 Core . | . . . Reactor . | . . . Propulsion 14 | 2 1 11 Treads . | . . . Leg 12 | 2 1 9 Wheel . | . . . Hover . | . . . Flight 2 | . . 2 Utility 10 | . 4 6 Device 4 | . 2 2 Storage 2 | . . 2 Processor 1 | . 1 . Hackware . | . . . Protection 3 | . 1 2 Artifact . | . . . Weapon 20 | 2 3 15 Energy Gun 6 | . 1 5 Energy Cannon 3 | . . 3 Ballistic Gun 7 | 2 1 4 Ballistic Cannon . | . . . Launcher 3 | . 1 2 Special Weapon . | . . . Impact Weapon 1 | . . 1 Slashing Weapon . | . . . Piercing Weapon . | . . . Special Melee Weapon . | . . . Unidentified Prototypes 2 | . 1 1 Parts Lost 13 | . . 13 Power 2 | . . 2 Propulsion 3 | . . 3 Utility 1 | . . 1 Weapon 7 | . . 7 Highest Loss Streak 5 | . . 5 To Critical Strikes . | . . . Average Slot Usage (%) 90 | . 92 90 Engine 10 | . 14 9 Leg 20 | . 28 18 Device 7 | . 6 8 Storage 1 | . . 1 Processor 10 | . 10 11 Protection 7 | . 3 8 Energy Gun 3 | . . 4 Energy Cannon 8 | . . 11 Ballistic Gun 8 | . 16 6 Launcher 9 | . 10 9 Peak Build Rating 19 | 5 10 19 Average Rating 13 | 3 7 15 On Entrance 5 | . 5 10 Naked Turns . | . . . Heaviest Build 99 | 5 18 99 Greatest Support 26 | 20 26 20 Greatest Overweight (x) 13 | . . 13 Average Overweight (x) . | . . 1 Largest Inventory Capacity 25 | 5 5 25 Average Capacity 6 | 5 5 7 Most Carried 5 | 2 5 5 Average Carried 3 | . 3 4 Final Capacity 20 | 5 5 20 Final Carried 5 | 2 5 . Class Distribution -------------------- 64% | Gunner 31% | Mutant 3% | Bomber Dominant Class ---------------- Mutant | -10/Materials Gunner | -9/Materials Resources | -11 -10 -9 ----------- Run | Yrd Mat Mat Matter Collected 1362 | 256 216 890 Remotely . | . . . Salvage Created 1602 | 41 140 1421 Parts 129 | 4 11 114 Haulers Intercepted 1 | . . 1 Recyclers Shooed 2 | . . 2 Parts Field Recycled . | . . . Retrieved Matter . | . . . Parts Self-Destructed . | . . . Prevented . | . . . Kills | -11 -10 -9 ------- Run | Yrd Mat Mat Combat Hostiles Destroyed 47 | 1 6 40 Guns 9 | 1 . 8 Cannons 11 | . . 11 AOE 26 | . 6 20 Classes Destroyed 12 | 1 2 9 Worker 1 | . . 1 Builder 4 | . . 4 Tunneler 1 | . . 1 Hauler 1 | . . 1 Recycler 2 | . . 2 Operator 1 | . 1 . Watcher 7 | . 2 5 Swarmer 10 | . . 10 Grunt 28 | 1 6 21 Brawler 1 | . . 1 Duelist 1 | . . 1 Sentry 7 | . . 7 Best Kill Streak 5 | 1 5 5 Combat Bots Only 4 | 1 3 4 Max Kills in Single Turn 4 | 1 2 4 Gunslinging . | . . . Exploded 4 | . 1 4 Melee . | . . . Uniques/NPCs Destroyed . | . . . Combat | -11 -10 -9 -------- Run | Yrd Mat Mat Hostile Shots Fired 244 | 3 12 229 Missed 72 | 2 2 68 Damage Taken 2439 | 10 147 2282 Core 437 | . 36 401 Absorbed by Shields . | . . . Regen/Repaired (Parts) 210 | . 21 189 Core Remaining (%) 92 | 100 85 . Volleys Fired 128 | 3 24 101 Largest 3 | 2 2 3 Hottest 166 | 40 50 166 Shots Fired 239 | 6 39 194 Gun 136 | 6 26 104 Cannon 49 | . . 49 Launcher 54 | . 13 41 Special . | . . . Kinetic 95 | 6 26 63 Thermal 90 | . . 90 Explosive 54 | . 13 41 Electromagnetic . | . . . Robot Hit Streak 7 | 1 3 7 Robot Miss Streak 5 | 1 5 5 Penetration Max . | . . . Secondary Targets . | . . . Shots Hit Robots 97 | 3 8 86 Core Hits 100 | 2 20 78 Critical Kills 1 | . . 1 Critical Parts Destroyed . | . . . Critical Strikes 2 | . . 2 Burn 1 | . . 1 Meltdown 1 | . . 1 Melee Attacks 3 | . . 3 Impact 3 | . . 3 Slashing . | . . . Piercing . | . . . Sneak Attacks . | . . . Combat Hostiles . | . . . Follow-up Attacks . | . . . Damage Inflicted 3781 | 28 607 3146 Guns 739 | 28 48 663 Cannons 538 | . . 538 Explosions 2453 | . 559 1894 Melee 24 | . . 24 Ramming 27 | . . 27 Kinetic 447 | 28 48 371 Thermal 830 | . . 830 Explosive 2453 | . 559 1894 Electromagnetic . | . . . Impact 24 | . . 24 Slashing . | . . . Piercing . | . . . Highest Corruption 2 | . . 2 Average Corruption 2 | . . 2 Corruption Purged . | . . . Corruption Blocked . | . . . Effects 7 | . . 7 Message Errors 2 | . . 2 Matter Fused 2 | . . 2 Heat Flow Errors 2 | . . 2 Data Loss (minor) 1 | . . 1 Overload Shots . | . . . Overflow Damage 153 | . 10 143 Projectiles . | . . . Explosions 153 | . 10 143 Melee . | . . . Knockbacks . | . . . Impact . | . . . Kinetic . | . . . Secondary . | . . . Self-Inflicted Damage 294 | . 36 258 Shots 9 | . 1 8 Rammed 3 | . . 3 Targets Rammed 8 | . . 8 Kicked 5 | . . 5 Crushed . | . . . Highest Temperature 335 | 6 18 335 Average Temperature 103 | 6 7 108 Received Heat Transfer 1128 | 6 60 1062 Effects 2 | . . 2 Interference 2 | . . 2 Siege Activations . | . . . Robots Corrupted . | . . . Combat Hostiles . | . . . Parts Fried . | . . . Impact Corruptions . | . . . Robots Melted 1 | . . 1 Combat Hostiles 1 | . . 1 Parts Melted 3 | . . 3 Heat Transferred 1718 | . . 1718 Parts Sabotaged . | . . . Parts Stolen . | . . . Parts Stripped . | . . . Power Chain Reactions . | . . . Alert | -11 -10 -9 ------- Run | Yrd Mat Mat Peak Influence 907 | 20 267 907 Initial 13 | . 13 . Average 443 | 3 120 562 Maximum Alert Level 3 | . 1 3 Low Security (%) 25 | 100 81 5 Level 1 15 | . 18 15 Level 2 42 | . . 57 Level 3 16 | . . 22 Level 4 . | . . . Level 5 . | . . . High Security . | . . . Max Security . | . . . Squads Dispatched 11 | . 3 8 Investigation 3 | . 1 2 Extermination . | . . . Reinforcement 7 | . 2 5 Assault 1 | . . 1 Garrison . | . . . Intercept . | . . . Searches Triggered . | . . . Construction Impeded 2 | . . 2 Haulers Reinforced . | . . . Active Scanning Responses . | . . . Cargo Convoy Interrupts . | . . . Stealth | -11 -10 -9 --------- Run | Yrd Mat Mat Distress Signals 2 | . 1 1 Communications Jammed . | . . . Distress Signals . | . . . Times Spotted 65 | 1 12 52 Peak Tracking Total 4 | 1 3 4 Tactical Retreats . | . . . Traps | -11 -10 -9 ------- Run | Yrd Mat Mat Traps Triggered 3 | . 1 2 Indirectly . | . . . Trap Hack Attempts . | . . . Triggered . | . . . Disarmed . | . . . Reprogrammed . | . . . Reused . | . . . Traps Extracted . | . . . Installed . | . . . Triggered . | . . . Machines | -11 -10 -9 ---------- Run | Yrd Mat Mat Machines Disabled 10 | . . 10 Max in Single Turn 1 | . . 1 Machines Repaired . | . . . Machines Dismantled . | . . . Machines Sabotaged . | . . . Overloaded Fab Kills . | . . . Hacking | -11 -10 -9 --------- Run | Yrd Mat Mat Machines Accessed 5 | . 1 4 Terminals 1 | . . 1 Fabricators . | . . . Repair Stations 3 | . 1 2 Recycling Units . | . . . Scanalyzers 1 | . . 1 Garrison Access . | . . . Total Hacks 19 | . 4 15 Successful 15 | . 3 12 Failed 4 | . 1 3 Catastrophic . | . . . Database Lockouts . | . . . Manual . | . . . Terminals 4 | . . 4 Fabricators . | . . . Repair Stations 8 | . 4 4 Recycling Units . | . . . Scanalyzers 7 | . . 7 Garrison Access . | . . . Terminal Hacks 2 | . . 2 Record 2 | . . 2 Fabricator Hacks . | . . . Repair Station Hacks 7 | . 3 4 Scan Component 3 | . 1 2 Repair 3 | . 1 2 Refit 1 | . 1 . Recycling Unit Hacks . | . . . Scanalyzer 6 | . . 6 Insert Component 3 | . . 3 Analyze 3 | . . 3 Garrison Access Hacks . | . . . Unauthorized Hacks . | . . . Terminals . | . . . Fabricators . | . . . Repair Stations . | . . . Recycling Units . | . . . Scanalyzers . | . . . Garrison Access . | . . . Data Cores Recovered . | . . . Used . | . . . Hacking Detections 2 | . . 2 Full Trace Events 1 | . . 1 Feedback Events . | . . . Feedback Blocked . | . . . Robot Schematics Acquired . | . . . Robots Built . | . . . Authchips . | . . . Time . | . . . Total Robot Build Rating . | . . . Part Schematics Acquired 3 | . . 3 Parts Built . | . . . Authchips . | . . . Time . | . . . Total Part Build Rating . | . . . Parts Repaired 3 | . 1 2 Time 109 | . 26 83 Parts Recycled . | . . . Recycled Matter . | . . . Retrieved Matter . | . . . Retrieved Components . | . . . Parts Scanalyzed 3 | . . 3 Part Schematics Acquired 3 | . . 3 Parts Damaged . | . . . Bothacking | -11 -10 -9 ------------ Run | Yrd Mat Mat Used RIF Installer . | . . . Robots Hacked . | . . . Non-combat . | . . . Combat . | . . . Robot Hacks Applied . | . . . Relay Couplers Released . | . . . Fabnet Peak Effective % . | . . . Robots Rewired . | . . . Allies Hacked . | . . . Hacks Repelled . | . . . Allies | -11 -10 -9 -------- Run | Yrd Mat Mat Total Allies . | . . . Largest Group . | . . . Highest-Rated Group . | . . . Highest-Rated Ally . | . . . Total Orders . | . . . Ally Attacks . | . . . Total Damage . | . . . Kills . | . . . Allies Corrupted . | . . . Allies Melted . | . . . Intel | -11 -10 -9 ------- Run | Yrd Mat Mat Robot Analysis Total . | . . . Derelict Logs Recovered . | . . . Drone Launches . | . . . Drone Recoveries . | . . . Exploration | -11 -10 -9 ------------- Run | Yrd Mat Mat Turns Passed 3440 | 86 817 2537 Spaces Moved 1794 | 69 599 1126 Core 29 | 22 . 7 Treads . | . . . Legs 1686 | 47 599 1040 Wheels . | . . . Hover . | . . . Flight 79 | . . 79 Fastest Speed 35 | 50 120 35 Average Speed 162 | 97 120 188 Slowest Speed 915 | 120 120 915 Overloaded Moves . | . . . Propulsion Burnouts . | . . . Robots Hopped 2 | . . 2 Cave-ins Triggered . | . . . Exploration Rate (%) 45 | 8 52 77 Regions Visited 2 Branch Regions . Pre-discovered Areas . | . . . Known Exits Taken . | . . . Unknown Exits Taken 2 | 1 1 . Scrap Searched . | . . . Spaces Dug 5 | . . 5 Terrain Destroyed 332 | . 38 294 Melee . | . . . Projectile . | . . . AOE 332 | . 38 294 Terrain Rammed . | . . . Walls Destroyed . | . . . Machines Disabled . | . . . Actions | -11 -10 -9 --------- Run | Yrd Mat Mat Total 2107 | 83 666 1358 Wait 38 | . 11 27 Move 1788 | 68 598 1122 Hop 2 | . . 2 Pick Up 54 | 7 14 33 Fast Attach . | . . . Attach 32 | 5 6 21 Detach 2 | . . 2 Swap 18 | . 4 14 Drop 34 | . 9 25 Fire 128 | 3 24 101 Melee 3 | . . 3 Ram 3 | . . 3 Kick 5 | . . 5 Crush . | . . . Escape Stasis . | . . . Rewire . | . . . Trap . | . . . Miscellaneous . | . . . Route ------- -11/Scrapyard -10/Materials (discovered 2 exits: *Mat x2) -9/Materials (discovered 4 exits: [*Mat x2] / [*Min x2]) History --------- Turn | Location | Event 2 | -11/Scrapyard | Met Revision 17 62 | -11/Scrapyard | Discovered new exit (range 8) 87 | -11/Scrapyard | Entered Materials 213 | -10/Materials | Discovered new exit (range 15) 328 | -10/Materials | Build established: Mutant 459 | -10/Materials | Repaired Lgt. Ion Engine? 654 | -10/Materials | Discovered new exit (range 3) 904 | -10/Materials | Entered another Materials area 904 | -9/Materials | Evolved 2 slots: Utility x1, Weapon x1 1196 | -9/Materials | Build established: Gunner 1343 | -9/Materials | Discovered new exit (range 16) 1465 | -9/Materials | Discovered new exit (range 13) 1913 | -9/Materials | Discovered new exit (range 15) 2523 | -9/Materials | Discovered new exit (range 16) 2883 | -9/Materials | Lost 3 parts (1n1u1w) 2991 | -9/Materials | Repaired Adv. Beam Cannon? 2998 | -9/Materials | Repaired Med. Armor Plating 3082 | -9/Materials | Lost 5 parts (1p1n3w) 3304 | -9/Materials | First assault squad dispatched 3345 | -9/Materials | Core integrity fell below 50% 3386 | -9/Materials | Core integrity fell below 20% 3425 | -9/Materials | Lost 4 parts (1n3w) 3441 | -9/Materials | Destroyed by G-34 Mercenary with Small Laser Last Messages --------------- Critical hit (Burn: +37). System corrupted: Heat flow error (+137). G-34 Mercenary destroyed. B-36 Bruiser destroyed. G-47 Trooper destroyed. R-06 Scavenger collects Aluminum Leg. Assault Rifle destroyed. R-06 Scavenger collects Lgt. Nuclear Core. R-06 Scavenger collects Aluminum Leg. CJUR%RLAJIIGUGZIJVMA2UOTJR&VCV/9 System corrupted: Matter fused (-7). Sml. Laser destroyed. Acquired Hammer. Acquired 59 matter. R-06 Scavenger collects Lgt. Treads. R-06 Scavenger collects Lgt. Armor Plating. R-06 Scavenger collects Lgt. Treads. Ion Engine destroyed. R-06 Scavenger collects Imp. Heat Sink. [Achievement: First Step to Greatness] Map ----- +----------------------------------------------------+ | # #??????????????# ### """##????????????? | | # #??????????????# ###! R"#?????????????? | | # #??????????????# #?# """#?????????????? | | #+##+##?????????????# #?# #?????????????? | | #?????????????# #?# #???????##?#### | | #?????????????# #?####+########## ## # | | #?????????????# #?# | | " """ #?????????????# ### | | " """ #?????????????+ | | " """ #?????????????##########+###############+### | | #?????????????????????# # """ # | | #?????????????????????# "" = %# "Y" # | | / #####??#####??????????????# """ !# % # | | ##### #??????????????# """ " ==#%% % # | | ! #??????????????# "R! "" ##=**= * " | | T % +????????###???# """ """ ## = " | | #???????? ???# #" " | | % ##### #???????? ==??#######+######" " | | ###????#####???????? ==??# ###### " | | # #????????????????? = ? + + " | | # #????????????????? # #[ [ " | | ###???########?????? ?# [!! """ " % """" | | ####### #######+#### !! r """ " " | | % % ! r! """ ## ### | | < % r #######?? | | @g #?? | | ####### ## ###+###################### #?? | | # # "|"!" ?# # !#?????????????????????? | | + """ #""|"!""?# + #?????????????????????? | | # """ ########?# ## """#?????????????????????? | | # """ #????????# ## """#?????????????????????? | | # """ #????????# ## """#?????????????????????? | | # """ ?????????# ## #?????????????????????? | | #? ? ?????????# #########?????????????????????? | | #???##?????????# #?????????????????????????????? | | #??#####???????# #?????????????????????????????? | | #?""" ""???????# #?????????????????????????????? | | # """ """??????# #?????????????????????????????? | | + """ """ ??# #?????????????????????????????? | | # #?# #?????????????????????????????? | | = # ?? +?????????????????????????????? | | /## #####+###????# #?????????????????????????????? | | % #??#????????# #?????????????????????????????? | | #??# ???????# #?????????????????????????????? | | #??# ######## #?????????????????????????????? | | #??# ##################????????????? | | < #??# ?????? | | #??# ################????????????? | | #??#### #???????????????????????????? | | #?????# #???????????????????????????? | +----------------------------------------------------+ Best States ------------- Heat Dissipation 28 Energy Generation 12 Energy Capacity 265 Matter Stores 300 Matter Capacity 300 Sight Range 16 Terrain Scan Range 16 Terrain Scan Density 10 Additional Mass Support 6 Armor Coverage 225 Evasion (%) 63 Targeting Accuracy 6 Particle Charging 15 Item Schematics ----------------- Particle Gun | -9/Materials | Scanalyzed Lgt. Treads | -9/Materials | Scanalyzed Med. Armor Plating | -9/Materials | Scanalyzed Robot Schematics ------------------ None Fabricated ------------ Nothing Alien Tech Used ----------------- None Achievements -------------- First Step to Greatness It's Just You Loot Pinata Remodeling Risk Taker Significant Disruption Challenges ------------ None Game ------ Seed MyomerCooledTearclaws Manual? 0 Play Time 00:38:42 Cumulative 0.5 hours Start 2025.01.13 @ 21:43:22 End 2025.01.13 @ 22:19:58 Sessions 1 Manual Loads 0 Difficulty Rogue Special Mode None Game No. 1 Rogue 1 Adventurer 0 Explorer 0 Win Type - Total 0 Types 0/0/0/0/0/0/0/0/0 Lore% 0 Gallery% 3 Achievement% 4 Wizard Run 0 Options --------- Layout 1 ASCII 0 Keyboard 0 Movement Mouse Keybinds 0 Fullscreen 1 Font 24/Smallcaps Map View 25x20 Zoom Use 42% Tactical HUD 0 Map Filters NONE Filters NONE Steam 1 RUN: 78ca58a3-5f87-42f5-b127-544908794bb5